 Dungeon Crawl Stone Soup version 0.28-a0-178-ga708605c5b (webtiles) character file.

Game seed: 9229704281994511889

3167 Lochraine the Magician (level 9, -1/66 HPs)
             Began as a Gnoll Fire Elementalist on Aug 17, 2021.
             Was an Initiate of Sif Muna.
             Slain by a yak (15 damage)
             ... on level 7 of the Dungeon.
             The game lasted 00:25:00 (10942 turns).

Lochraine the Magician (Gnoll Fire Elementalist)   Turns: 10942, Time: 00:25:00

Health: -1/66      AC:  4    Str:  8    XL:     9   Next: 94%
Magic:  18/19      EV: 14    Int: 18    God:    Sif Muna [......]
Gold:   528        SH:  0    Dex: 12    Spells: 12/22 levels left

rFire   + + .      SeeInvis .   N - +2 whip (elec)
rCold   x x .      Faith    .   (no shield)
rNeg    . . .      Spirit   .   a - +0 robe
rPois   .          Reflect  .   (no helmet)
rElec   .          Harm     .   e - +1 cloak
rCorr   .          Rampage  .   (no gloves)
Will    .....                   (no boots)
Stlth   +++.......              u - amulet of magic regeneration
HPRegen 0.21/turn               s - ring of fire
MPRegen 0.41/turn               j - ring of fire

@: no status effects
A: fangs 1, strong nose, distributed training
a: Renounce Religion


You were on level 7 of the Dungeon.
You worshipped Sif Muna.
Sif Muna was noncommittal.
You visited 2 branches of the dungeon, and saw 9 of its levels.
You also visited: Sewer.

You collected 528 gold pieces.

Inventory:

Hand Weapons
 m - a +2 vampiric hand axe {!w}
   (You took it off an orc on level 7 of the Dungeon)
 C - a +0 hunting sling
   (You found it on level 5 of the Dungeon)
 L - a +0 hand axe of electrocution
   (You took it off an orc priest on level 6 of the Dungeon)
 N - a +2 whip of electrocution (weapon)
   (You took it off Pikel on level 7 of the Dungeon)
 O - a +0 flail of holy wrath
   (You took it off an orc priest on level 8 of the Dungeon)
Missiles
 B - 67 bolts
 D - 74 stones
 F - 55 arrows
 P - 22 sling bullets
Armour
 a - a +0 robe (worn)
 e - a +1 cloak (worn)
   (You found it on level 3 of the Dungeon)
 p - the +0 chain mail of the Gardener {Harm Str+5 Stlth-}
   (You found it on level 4 of the Dungeon)

   Str:       It affects your strength (+5).
   Harm:      It increases damage dealt and taken.
   Stlth:     It makes you less stealthy.
 K - a +0 ring mail
   (You found it on level 6 of the Dungeon)
Jewellery
 j - a ring of fire (right hand)
   (You found it on level 7 of the Dungeon)
 s - a ring of fire (left hand)
   (You found it on level 3 of the Dungeon)
 u - an amulet of magic regeneration (around neck)
   (You found it on level 3 of the Dungeon)
 z - a ring of see invisible
   (You found it on level 4 of the Dungeon)
 M - an amulet of regeneration
   (You found it on level 7 of the Dungeon)
Wands
 d - a wand of iceblast (16)
   (You found it in a sewer)
 r - a wand of polymorph (8)
   (You found it on level 3 of the Dungeon)
 t - a wand of flame (11)
   (You found it on level 6 of the Dungeon)
 v - a wand of digging (12)
   (You found it on level 7 of the Dungeon)
Scrolls
 c - 3 scrolls of teleportation {@r4}
 g - a scroll of magic mapping {unknown}
 i - a scroll of holy word {unknown}
 k - a scroll of enchant weapon {unknown}
 o - 2 scrolls of brand weapon
 w - a scroll of fog {unknown}
 y - a scroll of blinking {unknown}
 G - a scroll of enchant armour
 Q - a scroll of noise {!r}
Potions
 h - a potion of curing {@q1}
 l - 2 potions of might {unknown}
 n - 3 potions of lignification {unknown}
 q - a potion of degeneration {unknown}
 x - 2 potions of magic
 A - 2 potions of cancellation {unknown}
 H - a potion of mutation {!q}
 J - 2 potions of brilliance


   Skills:
 + Level 4.7 Fighting
 + Level 4.7 Short Blades
 + Level 4.7 Long Blades
 + Level 4.7 Axes
 + Level 4.7 Maces & Flails
 + Level 4.7 Polearms
 + Level 4.7 Staves
 + Level 4.7 Slings
 + Level 4.7 Bows
 + Level 4.7 Crossbows
 + Level 4.7 Throwing
 + Level 4.7 Armour
 + Level 6.6 Dodging
 + Level 6.4 Stealth
 + Level 4.7 Shields
 + Level 4.7 Unarmed Combat
 + Level 7.0 Spellcasting
 + Level 4.5 Conjurations
 + Level 3.9 Hexes
 + Level 3.9 Summonings
 + Level 3.9 Necromancy
 + Level 3.9 Translocations
 + Level 3.9 Transmutations
 + Level 6.8 Fire Magic
 + Level 3.9 Ice Magic
 + Level 3.9 Air Magic
 + Level 3.9 Earth Magic
 + Level 3.9 Poison Magic
 + Level 5.2 Invocations
 + Level 4.7 Evocations


You had 12 spell levels left.
You knew the following spells:

 Your Spells              Type           Power      Damage    Failure   Level
a - Foxfire               Conj/Fire      100%       2x1d9     1%          1
b - Summon Small Mammal   Summ           80%        N/A       2%          1
d - Conjure Flame         Conj/Fire      56%        6-21      3%          3
x - Fireball              Conj/Fire      28%        3d12      30%         5

Your spell library contained the following spells:

 Spells                   Type           Power      Damage    Failure   Level
 Inner Flame              Hex/Fire       55%        N/A       3%          3
 Call Canine Familiar     Summ           20%        N/A       6%          3
 Ozocubu's Armour         Ice            20%        N/A       6%          3
 Summon Guardian Golem    Hex/Summ       20%        N/A       6%          3
 Sticky Flame             Conj/Fire      56%        2d7       11%         4
 Ozocubu's Refrigeration  Ice            10%        4d7       100%        7


Dungeon Overview and Level Annotations

Branches:
Dungeon (8/15)             Temple (1/1) D:6           Sewer (visited)
   Lair: D:8-11

Altars:
Ashenzari
Cheibriados
Dithmenos
Elyvilon
Gozag
Hepliaklqana
Kikubaaqudgha
Makhleb
Nemelex Xobeh
Okawaru
Qazlal
Ru
Sif Muna
Trog
Uskayaw
Vehumet
Wu Jian
Xom
Yredelemnul
Zin
The Shining One


Innate Abilities, Weirdness & Mutations

You have very sharp teeth.
Your uncanny sense of smell can sniff out nearby items.
Your experience applies equally to all skills.


Message History

There are monsters nearby!
The yak bellows! x3; You hear a bellow!
You feel a strong surge of power!
You conjure some foxfire!
The foxfire hits the yak. x2
You feel a strong surge of power!
You conjure some foxfire!
The foxfire hits the yak.
You hit the yak. Lightning courses through the yak! The yak barely misses you.
You hit the yak.
You kill the yak!
Sif Muna accepts your kill.
Your Spellcasting skill increases to level 7!
You barely miss the yak. The yak gores you!
You hit the yak. The yak gores you but does no damage.
Unknown command.
The yak gores you!
You hit the yak but do no damage. Lightning courses through the yak!!
Your bat hits the yak but does no damage.
The yak barely misses your bat.
You hit the yak but do no damage. Lightning courses through the yak!
Your bat hits the yak but does no damage.
The yak gores you.
* * * LOW HITPOINT WARNING * * *
You are too injured to fight recklessly!
You hit the yak.
Your bat hits the yak but does no damage. x2
There is a stone staircase leading up, spattered with blood here.
Your bat hits the yak. The yak barely misses you.
You climb upwards.
There is a stone staircase leading down here.
You hit the yak. Lightning courses through the yak! The yak misses you.
You hit the yak. You hit the yak. The yak gores you but does no damage.
Okay, then.
Unknown command.
You hit the yak. The yak misses you.
Okay, then.
You hit the yak. The yak gores you!
* * * LOW HITPOINT WARNING * * *
You see here a +1 dagger of venom.
You feel a strong surge of power!
You conjure some foxfire!
The yak closely misses you.
The foxfire hits the yak.
You hit the yak. Your bite misses the yak. You hit the yak but do no damage.
Lightning courses through the yak! The yak barely misses you.
You feel a strong surge of power!
You conjure some foxfire!
The yak gores you!
* * * LOW HITPOINT WARNING * * *
The foxfire hits the yak.
You feel a strong surge of power!
You conjure some foxfire!
The yak gores you!
You die...

## #..........# #...K..
####.####..### ####.##
#.#.......# ########.##
#.#.......# #........##
#.#.......# #.#########
#.#.......# #.#### #
#.#.......# #....# #
######†#....vv.# ####.## #
#......#....@..# ##.#.## #
#.#######.##Y#######.###.####
#.# #..........<.## ##...[
#.# ##.##.#######.###.####
#.# ####.# ##.#.## #.# #.#
##...# #####.# #.# ###.#
...##.# #.# #.# ##.##.# #.#
#.#


You could see a yak (ally target).

Vanquished Creatures
  Pikel (D:7)
  2 yaks (D:8)
  4 water moccasins
  An orc warrior (D:7)
  2 ice beasts
  Purgy (Sewer)
  A sky beast (D:6)
  2 black bears (D:7)
  A necrophage (D:6)
  An ogre (D:4)
  A centaur (D:7)
  3 lemures (D:7)
  A phantom (D:4)
  A bullfrog (D:6)
  2 kobold brigands
  A scorpion (D:4)
  A howler monkey (D:5)
  2 hounds
  2 bullfrog zombies
  A centaur skeleton (D:4)
  2 jellies
  6 orc priests
  A bullfrog skeleton (D:5)
  An orc wizard (D:6)
  3 iguanas
  A hound zombie (D:5)
  2 hound skeletons
  A howler monkey zombie (D:6)
  2 howler monkey skeletons
  7 adders
  3 gnolls
  A shadow imp (D:4)
  A white imp (D:8)
  An ufetubus (D:5)
  An adder skeleton (D:5)
  2 worms (D:4)
  2 dart slugs (D:5)
  11 orcs
  4 bats
  8 endoplasms
  2 giant cockroaches
  5 goblins
  7 hobgoblins
  4 jackals (D:3)
  14 kobolds
  11 quokkas
  11 ball pythons
  3 frilled lizards
  4 rats
152 creatures vanquished.

Vanquished Creatures (others)
  An orc wizard (D:8)
  301 foxfires
302 creatures vanquished.

Grand Total: 454 creatures vanquished

Notes
Turn   | Place    | Note
-------+----------+-------------------------------------------
     0 | D:1      | Lochraine the Gnoll Fire Elementalist began the quest for
                  | the Orb.
     0 | D:1      | Reached XP level 1. HP: 13/13 MP: 6/6
    75 | D:1      | Reached XP level 2. HP: 11/19 MP: 2/7
   694 | D:1      | Reached XP level 3. HP: 25/25 MP: 6/9
   732 | D:1      | Reached skill level 5 in Spellcasting
  1318 | D:2      | Reached skill level 1 in Invocations
  1609 | D:2      | Reached skill level 1 in Fighting
  1609 | D:2      | Reached skill level 1 in Short Blades
  1609 | D:2      | Reached skill level 1 in Long Blades
  1609 | D:2      | Reached skill level 1 in Axes
  1609 | D:2      | Reached skill level 1 in Maces & Flails
  1609 | D:2      | Reached skill level 1 in Polearms
  1609 | D:2      | Reached skill level 1 in Staves
  1609 | D:2      | Reached skill level 1 in Slings
  1609 | D:2      | Reached skill level 1 in Bows
  1609 | D:2      | Reached skill level 1 in Crossbows
  1609 | D:2      | Reached skill level 1 in Throwing
  1609 | D:2      | Reached skill level 1 in Armour
  1609 | D:2      | Reached skill level 1 in Shields
  1609 | D:2      | Reached skill level 1 in Unarmed Combat
  1609 | D:2      | Reached skill level 1 in Evocations
  1866 | D:3      | You fall into a shaft and drop 1 floor!
  1891 | D:4      | Noticed a phantom
  1916 | D:4      | Reached XP level 4. HP: 32/32 MP: 11/11
  2055 | D:4      | Learned a level 1 spell: Summon Small Mammal
  2092 | D:4      | Reached skill level 1 in Hexes
  2092 | D:4      | Reached skill level 1 in Summonings
  2092 | D:4      | Reached skill level 1 in Necromancy
  2092 | D:4      | Reached skill level 1 in Translocations
  2092 | D:4      | Reached skill level 1 in Transmutations
  2092 | D:4      | Reached skill level 1 in Ice Magic
  2092 | D:4      | Reached skill level 1 in Air Magic
  2092 | D:4      | Reached skill level 1 in Earth Magic
  2092 | D:4      | Reached skill level 1 in Poison Magic
  2113 | D:4      | Identified the +0 chain mail of the Gardener {Harm Str+5
                  | Stlth-}
  2416 | D:3      | Learned a level 3 spell: Conjure Flame
  2540 | D:3      | Reached XP level 5. HP: 32/37 MP: 9/12
  2635 | D:3      | Found a faded altar of an unknown god.
  3218 | D:4      | Killed a phantom
  3687 | D:3      | Reached XP level 6. HP: 33/44 MP: 11/13
  4566 | D:4      | Reached skill level 5 in Dodging
  4676 | D:5      | Entered Level 5 of the Dungeon
  4968 | D:5      | Reached XP level 7. HP: 50/50 MP: 13/15
  5467 | D:5      | Reached skill level 5 in Stealth
  5894 | D:6      | Found a glowing drain.
  5986 | Sewer    | Entered a sewer
  6038 | Sewer    | Noticed Purgy
  6053 | Sewer    | Killed Purgy
  6054 | Sewer    | Reached XP level 8. HP: 38/57 MP: 13/16
  6287 | D:6      | Found a staircase to the Ecumenical Temple.
  6300 | Temple   | Entered the Ecumenical Temple
  6724 | Temple   | Became a worshipper of Sif Muna the Loreminder
  7134 | D:6      | Reached skill level 6 in Spellcasting
  8255 | D:7      | Noticed a troll
  8402 | D:7      | Reached XP level 9. HP: 42/65 MP: 18/18
  9066 | D:7      | Noticed Pikel
  9117 | D:7      | Killed Pikel
  9152 | D:7      | Learned a level 5 spell: Fireball
 10247 | D:8      | Noticed a two-headed ogre
 10343 | D:8      | Reached skill level 5 in Invocations
 10911 | D:8      | Reached skill level 7 in Spellcasting
 10942 | D:7      | Slain by a yak

Illustrated notes

Levels and vault maps discovered:
D:1:      lemuel_arrival_lava_pool, layout_basic
D:2:      layout_loops_ring
D:3:      layout_basic, hellmonk_ecumenical_altar_lost_god, kennysheep_boxes
D:4:      layout_cave_pods
D:5:      layout_gridville
D:6:      layout_loops_corners, minmay_temple_entry_stoned_glass,
          gup_sewer_entry_pipe
D:7:      layout_loops_ring, uniq_pikel
D:8:      layout_basic, chequers_arboretum
Temple:   compressed_dpeg_triangle_lava_temple

Skill      XL: |  1  2  3  4  5  6  7  8  9 |
---------------+----------------------------+-----
Conjurations   | 2 3 4 |  4.5
Spellcasting   | 5 6 7 |  7.0
Invocations    | 1 2 3 4 5 |  5.2
Fighting       | 1 2 3 4 |  4.7
Short Blades   | 1 2 3 4 |  4.7
Long Blades    | 1 2 3 4 |  4.7
Axes           | 1 2 3 4 |  4.7
Maces & Flails | 1 2 3 4 |  4.7
Polearms       | 1 2 3 4 |  4.7
Staves         | 1 2 3 4 |  4.7
Slings         | 1 2 3 4 |  4.7
Bows           | 1 2 3 4 |  4.7
Crossbows      | 1 2 3 4 |  4.7
Throwing       | 1 2 3 4 |  4.7
Armour         | 1 2 3 4 |  4.7
Shields        | 1 2 3 4 |  4.7
Unarmed Combat | 1 2 3 4 |  4.7
Evocations     | 1 2 3 4 |  4.7
Hexes          | 1 2 3 |  3.9
Summonings     | 1 2 3 |  3.9
Necromancy     | 1 2 3 |  3.9
Translocations | 1 2 3 |  3.9
Transmutations | 1 2 3 |  3.9
Ice Magic      | 1 2 3 |  3.9
Air Magic      | 1 2 3 |  3.9
Earth Magic    | 1 2 3 |  3.9
Poison Magic   | 1 2 3 |  3.9
Dodging        | 5 6 |  6.6
Stealth        | 5 6 |  6.4
Fire Magic     | 6 |  6.8

Action                   |  1- 3 |  4- 6 |  7- 9 || total
-------------------------+-------+-------+-------++-------
Melee: Dagger            |    57 |    35 |    58 ||   150
       Bite              |     1 |       |    13 ||    14
       Hand axe          |       |       |    93 ||    93
       Punch             |       |       |     2 ||     2
       Whip              |       |       |    63 ||    63
 Cast: Foxfire           |    20 |    51 |   110 ||   181
       Conjure Flame     |       |     2 |     3 ||     5
       Summon Small Mamm |       |     3 |     4 ||     7
Evoke: Wand              |       |       |     1 ||     1
  Use: Scroll            |       |     1 |    12 ||    13
       Potion            |       |       |     4 ||     4
 Stab: Sleeping          |    12 |     2 |    11 ||    25
Armor: Robe              |     9 |    10 |    16 ||    35
       Ring mail         |       |       |    45 ||    45
Dodge: Dodged            |    26 |    61 |   133 ||   220

Table legend: (Time is in decaauts)
 A = Elapsed time spent in this place.
 B = Non-inter-level travel time spent in this place.
 C = Inter-level travel time spent in this place.
 D = Time resting spent in this place.
 E = Time spent auto-exploring this place.
 F = Levels seen in this place.
 G = Mean time per level.
                   A        B        C        D        E       F      G
               +--------+--------+--------+--------+--------+-----+--------+
         Total |  10938 |  10667 |    271 |   1106 |   7789 |  10 | 1093.8 |
       Dungeon |  10247 |   9980 |    267 |   1106 |   7188 |   8 | 1280.9 |
        Temple |    431 |    427 |      4 |      0 |    407 |   1 |  431.0 |
         Sewer |    259 |    259 |      0 |      0 |    194 |   1 |  259.0 |
               +--------+--------+--------+--------+--------+-----+--------+

Top non-repeatable levels by time:
     D:7: 2268 daAuts
     D:4: 1804 daAuts
     D:6: 1483 daAuts
     D:3: 1297 daAuts
     D:1: 1062 daAuts
     D:8: 871 daAuts
     D:2: 745 daAuts
     D:5: 715 daAuts
  Temple: 431 daAuts
   Sewer: 259 daAuts
